 Dungeon Crawl Stone Soup version 0.31-a0-1308-ga3cce3a448 (webtiles) character file.

Game seed: 8208685060843193784

938 DApurpleWHUMPUS the Fighter (level 8, -3/82 HPs)
             Began as a Hill Orc Fighter on Dec 19, 2023.
             Slain by an orc warrior
             ... wielding a +0 battleaxe
              (13 damage)
             ... on level 6 of the Dungeon.
             The game lasted 00:09:17 (4456 turns).

DApurpleWHUMPUS the Fighter (Hill Orc Fighter)      Turns: 4456, Time: 00:09:17

Health: -3/82      AC:  9    Str: 19    XL:     8   Next: 12%
Magic:  0/8        EV:  9    Int:  8    God:
Gold:   126        SH:  0    Dex: 12    Spells: 7/7 levels left

rFire   . . .        d - +0 battleaxe (freeze)
rCold   . . .        (shield currently unavailable)
rNeg    . . .        b - +0 scale mail
rPois   .            (no helmet)
rElec   .            (no cloak)
rCorr   .            E - +1 Delatra's gloves {ID++}
SInv    .            (no boots)
Will    .....        m - amulet of guardian spirit Stlth
                     (no ring)
HPRegen 0.33/turn    (no ring)
MPRegen 0.11/turn

%: guardian spirit
@: studying Shapeshifting
A: no striking features
a: no special abilities


You were on level 6 of the Dungeon.
You visited 1 branch of the dungeon, and saw 6 of its levels.

You collected 186 gold pieces.
You spent 60 gold pieces at shops.

Inventory:

Hand Weapons
 a - a +0 war axe
 d - a +0 battleaxe of freezing (weapon)
Armour
 b - a +0 scale mail (worn)
 c - a +0 buckler
 i - the +0 pair of gloves of Midnight {rF+ rN+ Str-2}
   (You found it on level 6 of the Dungeon)

   Str-2:     It affects your strength (-2).
   rF+:       It protects you from fire.
   rN+:       It protects you from negative energy.
 j - a +0 pair of gloves
 C - a +0 pair of gloves
 E - the +1 Delatra's gloves (worn) {ID++}
   (You found it on level 5 of the Dungeon)

   ID++:      It heals its wearer when they drink unknown potions, and restores
   their MP when they read unknown scrolls.
Jewellery
 m - an amulet of guardian spirit (around neck)
Wands
 w - a wand of polymorph (11)
 A - a wand of acid (7)
 B - a wand of flame (20)
 F - a wand of digging (6)
Scrolls
 g - a scroll of teleportation
 h - 6 scrolls of identify {unknown}
 k - 3 scrolls of noise
 l - a scroll of fog
 o - a scroll of brand weapon
 z - a scroll of blinking
Potions
 e - 5 potions of heal wounds
 f - a potion of degeneration {unknown}
 n - a potion of berserk rage {unknown}
 p - a potion of lignification {unknown}
 q - 3 potions of curing
 s - a potion of haste {unknown}
 t - a potion of magic {unknown}
 x - a potion of ambrosia {unknown}
 G - a potion of resistance {unknown}


   Skills:
 * Level 11.4 Fighting
 - Level 2.6 Axes
 - Level 3.2 Armour
 - Level 3.2 Shields


You had 7 spell levels left.
You didn't know any spells.
Your spell library contained the following spells:

 Spells                   Type           Power      Damage    Failure   Level
 Scorch                   Fire           0%         2d5       88%         2
 Flame Wave               Conj/Fire      0%         2d4       100%        4
 Summon Cactus Giant      Summ           0%         N/A       100%        6


Dungeon Overview and Level Annotations

Branches:
Dungeon (6/15)
 Temple: D:4-7

Altars:

Shops:
D:1 !   D:2 ?


Message History

The bullfrog is almost dead.
You closely miss the orc warrior. You barely miss the orc.
The bullfrog hits you.
The orc warrior unwields a +0 orcbow.
The orc warrior wields a +0 battleaxe.
The orc warrior hits you with a +0 battleaxe!
The bullfrog hits you. The orc hits you with a +0 club.
The orc warrior barely misses you.
You hit the bullfrog.
The bullfrog seems to slow down.
You freeze the bullfrog.
You kill the bullfrog!
You hit the orc warrior but do no damage.
You closely miss the orc.
An orc comes into view. It is wielding a +0 dagger.
The orc hits you but does no damage.
The orc warrior hits you with a +0 battleaxe!
The sky beast hits you but does no damage.
The orc hits you but does no damage.
Okay, then.
The orc shouts!
You slash the orc warrior! You freeze the orc warrior.
The orc warrior is heavily wounded.
You closely miss the sky beast. You hit the orc. You freeze the orc.
The orc warrior closely misses you. The orc hits you but does no damage.
The sky beast hits you but does no damage.
The orc warrior hits you with a +0 battleaxe!
You hit the orc warrior but do no damage.
The orc warrior is heavily wounded.
You barely miss the orc. You closely miss the sky beast.
The orc hits you with a +0 club.
* * * LOW HITPOINT WARNING * * *
The sky beast hits you.
* * * LOW HITPOINT WARNING * * *
The sky beast shocks you.
* * * LOW HITPOINT WARNING * * *
The orc warrior hits you with a +0 battleaxe!
* * * LOW HITPOINT WARNING * * *
The sky beast flickers out of sight!
Deactivating autopickup; reactivate with Ctrl-A.
Something hits you but does no damage. The orc barely misses you.
The orc warrior hits you with a +0 battleaxe!
You die...

,,,,,,*****,,,,,,,,,,,,*
*,,,, ,,,****
*#......[.....#* *,,,,
**** **.............*
*,,,, * **,............**
*,,,, ## *,,...........#*
*>,,, .## **,,,...o....~#
*,,,, ..##
****,,......#####*****,,,,
...#
****#o{o......,>,,,,,,,
...## ##@#***********,,,,
....# #..# *,,,, ....#
#######.## *,,,, ....##
#.......## **,,, .....#
#........## *,,, .....#
#.........# **,, .....#
#.........## **, .....#
#..........# *, .....#
#..........# **


You could see an orc warrior and 2 orcs.

Vanquished Creatures
  A water moccasin (D:6)
  An orc warrior (D:5)
  An ogre (D:5)
  A bullfrog (D:6)
  2 orc priests (D:5)
  A hound (D:5)
  A jelly (D:5)
  4 iguanas
  4 orc wizards
  Robin (D:2)
  7 adders
  7 gnolls
  A white imp (D:5)
  2 worms (D:4)
  2 dart slugs (D:1)
  15 orcs
  9 endoplasms
  3 giant cockroaches
  15 goblins
  8 hobgoblins
  5 quokkas
  7 ball pythons
  4 bats
  10 frilled lizards
  3 kobolds
  5 rats
120 creatures vanquished.

Notes
Turn   | Place    | Note
-------+----------+-------------------------------------------
     0 | D:1      | DApurpleWHUMPUS the Hill Orc Fighter began the quest for
                  | the Orb.
     0 | D:1      | Reached XP level 1. HP: 19/19 MP: 1/1
    66 | D:1      | Reached skill level 4 in Fighting
    67 | D:1      | Reached XP level 2. HP: 27/27 MP: 2/2
   272 | D:1      | Found a faded altar of an unknown god.
   277 | D:1      | Reached XP level 3. HP: 31/35 MP: 3/3
   279 | D:1      | Reached skill level 5 in Fighting
   374 | D:1      | Found Fobywn's Distillery.
   385 | D:1      | Bought a potion of heal wounds for 60 gold pieces
   568 | D:2      | Noticed Robin
   602 | D:2      | Killed Robin
   603 | D:2      | Reached XP level 4. HP: 11/44 MP: 2/4
   892 | D:2      | Reached skill level 6 in Fighting
  1104 | D:2      | Found Norha's Magic Scroll Boutique.
  1353 | D:3      | Reached XP level 5. HP: 51/51 MP: 5/5
  1606 | D:3      | Reached skill level 7 in Fighting
  2803 | D:4      | Reached XP level 6. HP: 49/61 MP: 4/6
  3007 | D:5      | Entered Level 5 of the Dungeon
  3020 | D:5      | Reached skill level 8 in Fighting
  3249 | D:5      | Reached skill level 9 in Fighting
  3375 | D:5      | Reached XP level 7. HP: 21/70 MP: 1/7
  3782 | D:5      | Reached skill level 10 in Fighting
  3919 | D:5      | Found the +1 Delatra's gloves {ID++}
  4118 | D:6      | Reached skill level 11 in Fighting
  4202 | D:6      | Reached XP level 8. HP: 82/82 MP: 8/8
  4224 | D:6      | Identified the +0 pair of gloves of Midnight {rF+ rN+
                  | Str-2}
  4456 | D:6      | Slain by an orc warrior

Illustrated notes

Levels and vault maps discovered:
D:1:      minmay_arrival_four_circles, layout_rooms,
          chequers_ecumenical_altar_island, serial_shops, shop,
          hangedman_feature_mirror
D:2:      layout_basic, serial_shops, nicolae_shop_rolled_up, uniq_robin
D:3:      layout_rooms
D:4:      layout_layer_cave, cheibrodos_sewer_entry_bend
D:5:      layout_cave_pools, pf_guarded_unrand_delatra
D:6:      layout_cave_pods, lexackson_kobold_supper

Skill      XL: |  1  2  3  4  5  6  7 |
---------------+----------------------+-----
Fighting       | 4 5 6 7 9 11 | 11.4
Axes           | |  2.6
Armour         | |  3.2
Shields        | |  3.2

Action                     |  1- 3 |  4- 6 |  7- 9 || total
---------------------------+-------+-------+-------++-------
  Melee: War axe           |   110 |   153 |    41 ||   304
         Battleaxe         |       |       |    32 ||    32
  Evoke: Wand              |       |     2 |       ||     2
    Use: Potion            |       |       |     4 ||     4
         Scroll            |       |       |    11 ||    11
 Armour: Scale mail        |    91 |   116 |   115 ||   322
  Dodge: Dodged            |    68 |    73 |    47 ||   188
  Block: Buckler           |    21 |    36 |     9 ||    66

Table legend: (Time is in decaauts)
 A = Elapsed time spent in this place.
 B = Non-inter-level travel time spent in this place.
 C = Inter-level travel time spent in this place.
 D = Time resting spent in this place.
 E = Time spent auto-exploring this place.
 F = Levels seen in this place.
 G = Mean time per level.
                   A        B        C        D        E       F      G
               +--------+--------+--------+--------+--------+-----+--------+
         Total |   4605 |   4525 |     80 |    567 |   3034 |   6 |  767.5 |
       Dungeon |   4605 |   4525 |     80 |    567 |   3034 |   6 |  767.5 |
               +--------+--------+--------+--------+--------+-----+--------+

Top non-repeatable levels by time:
     D:4: 1227 daAuts
     D:5: 1085 daAuts
     D:2: 733 daAuts
     D:1: 577 daAuts
     D:3: 566 daAuts
     D:6: 415 daAuts
